 Dungeon Crawl Stone Soup version 0.24.0-123-gd5b16e6ec5 (webtiles) character file.

Game seed: 15946141700421214091, levelgen mode: deterministic

21305 Curus the Carver (level 12, -5/172 HPs)
             Began as a Minotaur Fighter on Jan 27, 2020.
             Was a High Priest of Trog.
             Slain by a redback (9 damage)
             ... in a Gauntlet on Jan 28, 2020.
             The game lasted 00:42:06 (9527 turns).

Curus the Carver (Minotaur Fighter)                 Turns: 9527, Time: 00:42:07

Health: -5/172     AC: 18    Str: 28    XL:     12   Next: 53%
Magic:  4/4        EV:  6    Int:  7    God:    Trog [*****.]
Gold:   262        SH: 12    Dex: 15    Spells: 11/11 levels left

rFire    + . .     SeeInvis .   O - +3 demon blade (antimagic)
rCold    + + .     Gourm    .   c - +0 shield
rNeg     . . .     Faith    .   G - +3 plate armour {rC+}
rPois    +         Spirit   .   P - +1 hat {MR+}
rElec    .         Reflect  .   x - scarf {rC+ rF+}
rCorr    +         Harm     .   F - +0 pair of gloves
MR       ++...     NoTele   +   N - +1 pair of boots
Stlth    ..........             t - amulet of regeneration
HPRegen  0.78/turn              E - ring of poison resistance
MPRegen  0.09/turn              k - ring of resist corrosion

@: berserking (expiring), corroded, very quick
A: retaliatory headbutt, horns 2, thin skeletal structure 1, yellow scales 1,
magic resistance 1, strong 1
a: Berserk, Trog's Hand, Brothers in Arms, Renounce Religion


You were in a Gauntlet.
You worshipped Trog.
Trog was extremely pleased with you.
You were very hungry.

You visited 3 branches of the dungeon, and saw 13 of its levels.
You also visited: Gauntlet.

You collected 752 gold pieces.
You spent 490 gold pieces at shops.

Inventory:

Hand Weapons
 a - a +2 long sword
 C - a +4 scimitar of freezing
 O - a +3 antimagic demon blade (weapon)
Armour
 b - a +0 scale mail
 c - a +0 shield (worn)
 j - a +0 chain mail
 l - a +0 plate armour
 o - a +0 cloak
 x - a scarf of resistance (worn)
 D - a scarf of repulsion
 F - a +0 pair of gloves (worn)
 G - a +3 plate armour of cold resistance (worn)
 H - a cursed -1 plate armour
 N - a +1 pair of boots (worn)
 P - a +1 hat of magic resistance (worn)
Jewellery
 k - a ring of resist corrosion (right hand)
 q - an uncursed ring of stealth
 t - an amulet of regeneration (around neck)
 u - the ring of Equilibrium {rElec rC+ Slay-2}
   (You bought it in a shop on level 4 of the Dungeon)

   [ring of slaying]

   It affects your accuracy and damage with ranged weapons and melee attacks
   (-2).
   It protects you from cold.
   It insulates you from electricity.
 w - a +6 ring of dexterity
 B - an uncursed amulet of faith
 E - a ring of poison resistance (left hand)
 L - an uncursed ring of teleportation
 R - the ring "Plog" {*Corrode rN+ Str+4 Dex+4}
   (You found it in a Gauntlet)

   [ring of strength]

   It affects your strength (+4).
   It affects your dexterity (+4).
   It protects you from negative energy.
   It may corrode you when you take damage.
Wands
 n - a wand of flame (46)
 v - a wand of polymorph (16)
 y - a wand of enslavement (13)
 A - a wand of clouds (7)
 K - a wand of iceblast (6)
 M - a wand of disintegration (18)
Scrolls
 g - 6 scrolls of identify
 h - 5 scrolls of magic mapping
 m - 5 scrolls of remove curse
 r - 5 scrolls of teleportation
 I - a scroll of enchant weapon
Potions
 d - 2 potions of might
 e - 2 potions of agility
 i - a potion of cancellation
 p - 3 potions of curing
 s - 3 potions of heal wounds
 z - a potion of brilliance
 J - 2 potions of berserk rage
Comestibles
 f - 27 rations


   Skills:
 - Level 13.0 Fighting
 - Level 14.0 Long Blades
 - Level 13.0 Armour
 + Level 8.0 Shields
 + Level 5.2 Evocations


You had 11 spell levels left.
You didn't know any spells.
Your spell library contained the following spells:

 Spells                   Type           Power        Failure   Level  Hunger
 Corona                   Hex            #......      100%        1    ##.....
 Ensorcelled Hibernation  Hex/Ice        #.....       100%        2    ###....
 Confuse                  Hex            #.......     100%        3    ####...
 Dazzling Spray           Conj/Hex       #.....       100%        3    ####...
 Tukima's Dance           Hex            #.......     100%        3    ####...


Dungeon Overview and Level Annotations

Branches:
Dungeon (10/15)            Temple (1/1) D:5            Lair (2/6) D:10
Gauntlet (1/1)
  Swamp: Lair:2-4    Shoals: Lair:2-4     Snake: Lair:2-4    Spider: Lair:2-4
    Orc: D:9-12

Altars:
Ashenzari
Fedhas
Gozag
Nemelex Xobeh
Okawaru
Qazlal
Ru
Trog
Vehumet

Shops:
D:4 (=**   D:10 *

Annotations:
Gauntlet 9 transporters


Innate Abilities, Weirdness & Mutations

You reflexively headbutt those who attack you in melee.
You have a pair of horns on your head.
You have a somewhat thin skeletal structure. (Dex +2, Stealth)
You are partially covered in yellow scales. (AC +2)
You are resistant to hostile enchantments. (MR+)
Your muscles are strong. (Str +2)


Message History

* * * LOW HITPOINT WARNING * * *
You block the entropy weaver's attack.
You slice the entropy weaver!!
You kill the entropy weaver!
Trog accepts your kill.
Trog appreciates your killing of a magic user.
Your life force feels restored.
Your Evocations skill increases to level 5!
You block the redback's attack.
You barely miss the redback. Your headbutt misses the redback.
The redback is severely wounded.
You slice the wolf spider!!
You kill the wolf spider!
Trog accepts your kill.
Your Shields skill increases to level 8!
Really walk into that dispersal trap?
You enter a dispersal trap!
You blink.
You feel a strong urge to attack something.
The redback bites you!
You die...

#≈.....#.©.#.....###########
##.8...#.8.#...8....#.©.#...
##......#.©.#........#...#...
#≈...###########.....#.©.#...
##...#....#....#...#########.
#≈...#...#.#...#...#......s#.
##...#.^#.©†#§.#...####.####.
#≈...#.#..#.s#.#...#..#.#.s#.
##.8.##..#P#@.##.8.#.##©##.#.
#≈...#..#.^.#..#...#.#..s#.#.
##...#^#P.#.P#^#...#.#...#.#.
#≈...##..#.#..##...#.?:©[..#.
##...#[$#.©.#.?#...#########.
#≈...###########.............
##...............8.....8.....
#≈.8......8..................
##..............§#≈#########≈


You could see a redback.

Vanquished Creatures
  Gastronok (Lair:1)
  An entropy weaver (Gauntlet)
  Erolcha (D:9)
  4 two-headed ogres
  2 death scarabs (Gauntlet)
  The ghost of McKennaii the Thaumaturge, a novice DrCj of Sif Muna (D:9)
  The ghost of diiiiiane the Covert, a novice OpAs (D:6)
  A wolf spider (Gauntlet)
  A centaur zombie (D:9)
  3 spiny frogs (Lair:1)
  A jumping spider (Gauntlet)
  2 dream sheep (D:10)
  A hornet (D:10)
  5 blink frogs (Lair:1)
  A hippogriff (D:7)
  Sigmund (D:3)
  2 wyverns (D:9)
  16 yaks
  2 wraiths (D:10)
  2 vampires
  A spectral komodo dragon (Gauntlet)
  A spectral torpor snail (Gauntlet)
  6 water moccasins
  2 black bears (D:8)
  3 orc warriors (D:7)
  4 phantoms
  A hornet zombie (D:9)
  3 necrophages
  4 ice beasts
  7 ogres
  4 centaurs
  3 big kobolds
  Blork the orc (D:6)
  4 bullfrogs
  3 scorpions
  7 wights
  4 crimson imps
  A quasit (D:8)
  A jelly (D:5)
  7 orc priests
  7 orc wizards
  A gnoll shaman (D:7)
  Crazy Yiuf (D:6)
  2 bullfrog skeletons
  11 hounds
  7 iguanas
  4 centaur skeletons
  Ijyb (D:3)
  Natasha (thrice) (D:3)
  11 worker ants
  2 centaur simulacra (D:9)
  A hound skeleton (D:7)
  Robin (D:3)
  A worker ant zombie (D:7)
  8 gnolls
  A howler monkey skeleton (D:6)
  14 adders
  4 shadow imps
  An ooze (D:3)
  2 adder skeletons
  A worm (D:3)
  3 dart slugs
  6 leopard geckos
  55 orcs
  8 bats
  3 giant cockroaches (D:1)
  18 goblins
  10 hobgoblins
  22 jackals
  12 kobolds
  5 quokkas
  3 ball pythons
  6 frilled lizards
  A leopard gecko zombie (D:8)
  11 rats
363 creatures vanquished.

Vanquished Creatures (others)
  4 fungi (Gauntlet)
  7 plants (Gauntlet)
11 creatures vanquished.

Grand Total: 374 creatures vanquished

Notes
Turn   | Place    | Note
-------+----------+-------------------------------------------
     0 | D:1      | Curus the Minotaur Fighter began the quest for the Orb.
     0 | D:1      | Reached XP level 1. HP: 19/19 MP: 0/0
    15 | D:1      | Reached skill level 3 in Long Blades
    32 | D:1      | Reached XP level 2. HP: 16/26 MP: 1/1
   271 | D:1      | Reached skill level 4 in Long Blades
   893 | D:1      | Reached XP level 3. HP: 31/31 MP: 2/2
  1102 | D:2      | Found a blossoming altar of Fedhas.
  1120 | D:2      | Reached skill level 5 in Long Blades
  1266 | D:2      | Reached XP level 4. HP: 34/39 MP: 3/3
  1535 | D:2      | You fall into a shaft and drop 2 floors!
  1535 | D:4      | Found a shattered altar of Ashenzari.
  1590 | D:4      | Reached skill level 6 in Long Blades
  1609 | D:4      | Reached XP level 5. HP: 12/45 MP: 4/4
  1914 | D:4      | Found Enidatz's Assorted Antiques.
  1922 | D:4      | Bought a runed marble ring for 95 gold pieces
  1922 | D:4      | Bought a bubbling amethyst potion for 17 gold pieces
  1923 | D:4      | Gained mutation: Your muscles are strong. (Str +2) [potion
                  | of mutation]
  1923 | D:4      | Gained mutation: You are partially covered in yellow
                  | scales. (AC +2) [potion of mutation]
  1923 | D:4      | Gained mutation: You have a somewhat thin skeletal
                  | structure. (Dex +2, Stealth) [potion of mutation]
  1923 | D:4      | Gained mutation: You are resistant to hostile enchantments.
                  | (MR+) [potion of mutation]
  1944 | D:4      | Found Deaqylet's Jewellery Shop.
  1972 | D:4      | Found Zofog's Assorted Antiques.
  1979 | D:4      | Reached skill level 7 in Long Blades
  2050 | D:4      | Reached XP level 6. HP: 28/51 MP: 5/5
  2120 | D:3      | Reached skill level 8 in Long Blades
  2139 | D:3      | Noticed Natasha
  2150 | D:3      | Killed Natasha
  2362 | D:3      | Noticed Ijyb
  2362 | D:3      | Noticed Natasha
  2373 | D:3      | Killed Natasha
  2380 | D:3      | Killed Ijyb
  2520 | D:3      | Noticed Robin
  2556 | D:3      | Killed Robin
  2606 | D:3      | Noticed Natasha
  2611 | D:3      | Killed Natasha
  2618 | D:3      | Noticed Sigmund
  2699 | D:3      | Reached skill level 9 in Long Blades
  2721 | D:3      | Killed Sigmund
  2721 | D:3      | Reached XP level 7. HP: 21/57 MP: 6/6
  3378 | D:4      | Reached skill level 10 in Long Blades
  3646 | D:4      | Found Ziewnom's Antique Weapon Emporium.
  3648 | D:4      | Reached skill level 11 in Long Blades
  3829 | D:5      | Entered Level 5 of the Dungeon
  3930 | D:5      | Reached XP level 8. HP: 64/64 MP: 7/7
  4169 | D:5      | Found a staircase to the Ecumenical Temple.
  4216 | Temple   | Entered the Ecumenical Temple
  4225 | Temple   | Became a worshipper of Trog the Wrathful
  4747 | D:4      | Bought a sparkling platinum ring for 105 gold pieces
  4747 | D:4      | Bought a scroll of teleportation for 63 gold pieces
  4748 | D:4      | Identified the cursed ring of Equilibrium {rElec rC+
                  | Slay-2} (You bought it in a shop on level 4 of the Dungeon)
  4873 | D:6      | Reached skill level 12 in Long Blades
  4903 | D:6      | Found a runed translucent door.
  4904 | D:6      | Noticed Crazy Yiuf
  4916 | D:6      | Noticed Blork the orc
  4921 | D:6      | Killed Blork the orc
  5052 | D:6      | Found an iron altar of Okawaru.
  5197 | D:6      | Found a runed translucent door.
  5200 | D:6      | Noticed diiiiiane's ghost (novice OpAs)
  5327 | D:6      | Killed diiiiiane's ghost
  5327 | D:6      | Reached * piety under Trog
  5327 | D:6      | Reached skill level 13 in Long Blades
  5327 | D:6      | Reached XP level 9. HP: 70/70 MP: 8/8
  5376 | D:6      | Killed Crazy Yiuf
  5556 | D:7      | Reached skill level 14 in Long Blades
  5681 | D:7      | Reached skill level 5 in Fighting
  5681 | D:7      | Reached skill level 5 in Armour
  5690 | D:7      | You fall into a shaft and drop 1 floor!
  5690 | D:8      | Found a sparkling altar of Nemelex Xobeh.
  5690 | D:8      | Found an opulent altar of Gozag.
  5693 | D:8      | Found a shattered altar of Ashenzari.
  5933 | D:7      | Reached ** piety under Trog
  6385 | D:8      | Noticed a two-headed ogre
  6395 | D:8      | Killed a two-headed ogre
  6395 | D:8      | Reached XP level 10. HP: 79/88 MP: 9/9
  6693 | D:8      | Reached *** piety under Trog
  7099 | D:9      | Noticed a two-headed ogre
  7100 | D:9      | Noticed Erolcha
  7110 | D:9      | Noticed a two-headed ogre
  7124 | D:9      | Killed a two-headed ogre
  7127 | D:9      | Killed a two-headed ogre
  7127 | D:9      | Reached skill level 10 in Fighting
  7127 | D:9      | Reached skill level 10 in Armour
  7133 | D:9      | Killed Erolcha
  7137 | D:9      | Reached XP level 11. HP: 37/101 MP: 10/10
  7326 | D:9      | Found a stormy altar of Qazlal.
  7456 | D:9      | Reached **** piety under Trog
  7607 | D:9      | Found a runed translucent gate.
  7608 | D:9      | Found a runed translucent gate.
  7609 | D:9      | Found a runed translucent gate.
  7611 | D:9      | Noticed McKennaii's ghost (novice DrCj)
  7878 | D:9      | Killed McKennaii's ghost
  7916 | D:10     | Entered Level 10 of the Dungeon
  7918 | D:10     | Found a staircase to the Lair.
  7993 | D:10     | Reached ***** piety under Trog
  8091 | D:10     | Found Xemiocun's Assorted Antiques.
  8124 | D:10     | Noticed a two-headed ogre
  8131 | D:10     | Killed a two-headed ogre
  8160 | D:10     | Bought a pair of runed boots for 210 gold pieces
  8246 | D:10     | Received a gift from Trog
  8404 | Lair:1   | Entered Level 1 of the Lair of Beasts
  8543 | Lair:1   | Reached skill level 1 in Evocations
  8543 | Lair:1   | Reached XP level 12. HP: 95/115 MP: 3/11
  8653 | Lair:1   | Reached skill level 5 in Shields
  9090 | Lair:1   | Noticed Gastronok
  9101 | Lair:1   | Killed Gastronok
  9239 | Lair:2   | Found a gate leading to a gauntlet.
  9253 | Gauntlet | Entered a Gauntlet
  9253 | Gauntlet | Found a transporter.
  9254 | Gauntlet | Noticed a dire elephant
  9256 | Gauntlet | Found a transporter.
  9272 | Gauntlet | Found a transporter.
  9276 | Gauntlet | Found a transporter.
  9296 | Gauntlet | Found a transporter.
  9296 | Gauntlet | Noticed a ghost crab
  9309 | Gauntlet | Found a transporter.
  9321 | Gauntlet | Noticed an entropy weaver
  9322 | Gauntlet | Found a transporter.
  9340 | Gauntlet | Found a transporter.
  9344 | Gauntlet | Found a transporter.
  9347 | Gauntlet | Noticed a death scarab
  9352 | Gauntlet | Found a transporter.
  9364 | Gauntlet | Noticed a death scarab
  9377 | Gauntlet | Found a transporter.
  9409 | Gauntlet | Found a transporter.
  9452 | Gauntlet | Killed a death scarab
  9456 | Gauntlet | Killed a death scarab
  9483 | Gauntlet | Got a faintly glowing bone ring
  9485 | Gauntlet | Identified the ring "Plog" {*Corrode rN+ Str+4 Dex+4} (You
                  | found it in a Gauntlet)
  9522 | Gauntlet | HP: 6/172 [entropy weaver (10)]
  9522 | Gauntlet | HP: 2/172 [entropy weaver (4)]
  9523 | Gauntlet | Killed an entropy weaver
  9523 | Gauntlet | Reached skill level 5 in Evocations
  9527 | Gauntlet | Slain by a redback

Levels and vault maps discovered:
D:1:      dpeg_arrival_simpleton_c, layout_basic
D:2:      layout_rooms, lemuel_crystal_altar, minmay_misc_feat_diagonals,
          minmay_hexomino_f4
D:3:      layout_basic, st_stairs_8, uniq_robin, uniq_ijyb, uniq_natasha,
          uniq_sigmund
D:4:      minmay_general_purpose_star, layout_loops_ring, first_ration,
          serial_shops, nicolae_shop_overgrown_old_shop, nicolae_shop_stone,
          nicolae_shop_waterfront, shop, nicolae_ashenzari_panopticon
D:5:      layout_basic, minmay_temple_entry_offerings
D:6:      layout_basic, lemuel_crystal_altar, ebering_ghost_reflecting_pool,
          lemuel_old_faithful, uniq_crazy_yiuf_cottage, uniq_blork_the_orc
D:7:      layout_basic, minmay_misc_feat_x, st_stairs_14
D:8:      minmay_s_stair_smasher, layout_loops_ring,
          grunt_temple_overflow_opulence, lemuel_crystal_altar,
          kennysheep_generic_room_14
D:9:      layout_basic, nicolae_qazlal_general_emergency,
          gammafunk_ghost_necromancy, uniq_erolcha
D:10:     layout_cave_pools, lair_entry_dummy, serial_shops,
          nicolae_shop_statue_plus, hangedman_ranch [blue_anna_fruit_fields]
Temple:   nicolae_temple_elliptical
Lair:1:   layout_long_grid, grunt_megastairs_1, uniq_gastronok
Lair:2:   layout_misc_corridors, minmay_shoals_entry_beasts,
          gauntlet_entry_generic, minivault_19, nicolae_quartered_pool_medium,
          st_stairs_7, chequers_serial_rivers_micro_e
Gauntlet: minmay_gauntlet_mixed_oops_all_seconds
          [minmay_gauntlet_arena_77_checkered, gammafunk_gauntlet_arena_spirals,
          minmay_gauntlet_arena_77_box, gammafunk_gauntlet_arena_split_diamond,
          minmay_gauntlet_arena_77_mirror,
          gammafunk_gauntlet_arena_arrow_garden, gauntlet_exit_spiral]

Skill      XL: |  1  2  3  4  5  6  7  8  9 10 11 12 |
---------------+-------------------------------------+-----
Long Blades    | 3 4 5 6 7 9 11 13 14 | 14.0
Fighting       | 8 10 13 | 13.0
Armour         | 8 10 13 | 13.0
Shields        | 4 8 |  8.0
Evocations     | 1 5 |  5.2

Action                   |  1- 3 |  4- 6 |  7- 9 | 10-12 || total
-------------------------+-------+-------+-------+-------++-------
Melee: Long sword        |   122 |   193 |   294 |       ||   609
       Headbutt          |    15 |    32 |    89 |   125 ||   261
       Scimitar          |       |       |    56 |   335 ||   391
       Demon blade       |       |       |       |   126 ||   126
Invok: Berserk           |       |       |       |     3 ||     3
       Brothers in Arms  |       |       |       |     1 ||     1
Evoke: Wand              |       |     1 |       |     3 ||     4
  Use: Scroll            |     5 |     3 |     5 |     9 ||    22
       Potion            |     5 |     4 |     2 |     2 ||    13
  Eat: Chunk             |     1 |     5 |    12 |     6 ||    24
       Ration            |       |       |       |     2 ||     2
Armor: Scale mail        |    66 |    15 |       |       ||    81
       Skin              |    10 |       |       |       ||    10
       Chain mail        |       |    42 |       |       ||    42
       Plate armour      |       |    44 |   162 |   216 ||   422
Dodge: Dodged            |    33 |    50 |    37 |    55 ||   175
Block: Shield            |    62 |    95 |   152 |   188 ||   497
       Rpst.: Long sword |    10 |    12 |    10 |       ||    32
       Scimitar          |       |       |     2 |    12 ||    14
       Demon blade       |       |       |       |     2 ||     2
